Mandevil, lawful female human Samurai ----- --- ---- .... ------------ |.- --..| ....|??*|..|...| |. |...| ...|%)?|.@|...| |. ----...| -----.. .|.|.@|-|--- --. ------......| |(..|..--%---|-.........--..--.......| |(..[........@....-----..........>...| | |....[.--|-...|...|..--.....---..-- - ------..{...|..|...-...|..|--....- |...| |.............|..|...|...|..--......|--..--- -- -.....---|-------------.|........| |....| |..-|-|..................|.....--- |.--.-- | | -----....---------.|--...| |.||..| %.-....| .| |..-- |.||..| |%%.|..).-. .- ---- |.|---- -----....|... |.-- ..)..|---- --..-- -..--- |....| ...| |....| -..| --..-- ---- ---- Mandevil the Kunoichi Experience level: 6 Strength: 13 Dexterity: 18 Constitution: 17 Intelligence: 11 Wisdom: 12 Charisma: 7 Health: 0(82) Energy: 32(32) Def: 6 Gold: 0 Moves: 2134 Dungeon seed: UJ9e3-vSaD0ycS8X Game ID: Mandevil_1561461621 Your Inventory: Weapons a - an uncursed +0 katana (weapon in hand) b - a blessed +0 yumi c - an uncursed +0 wakizashi d - 5 uncursed +0 ya (in quiver) A - 35 uncursed +0 arrows F - 2 cursed +0 arrows Armor e - an uncursed rustproof +0 splint mail (being worn) r - an uncursed +0 orcish helm z - an uncursed +0 orcish helm Potions G - an uncursed potion of extra healing Wands E - an uncursed wand of striking (0:4) Tools f - an uncursed oil lamp (0:1368) g - an uncursed bag of tricks (0:2) h - an uncursed bag of holding w - an uncursed magic whistle R - an uncursed blindfold Gems n - 2 uncursed worthless pieces of yellowish brown glass q - an uncursed turquoise stone Contents of the bag of holding: 479 gold pieces an uncursed lichen corpse an uncursed scroll of destroy armor an uncursed scroll of enchant weapon 4 uncursed scrolls of identify an uncursed scroll of taming a blessed potion of extra healing an uncursed potion of healing an uncursed potion of levitation an uncursed potion of wonder an uncursed magic flute (0:8) an uncursed magic whistle 7 uncursed tallow candles (0:200) 2 uncursed worthless pieces of blue glass an uncursed worthless piece of orange glass an uncursed worthless piece of violet glass an uncursed worthless piece of white glass an uncursed worthless piece of yellow glass Spells and supernatural/magical abilities: Name Level Category Cost Memory W - pray for help -- divine ? -- Your skills at the end: Fighting Skills martial arts [Basic] wands [Basic] Weapon Skills short sword [Basic] long sword [Skilled] bow [Basic] Spellcasting Skills Final Attributes: You were piously aligned. You were fast. You last prayed 728 turns ago. Amaterasu Omikami was noncommittal. You are dead. Vanquished creatures: a leather golem a panther a gnome king a dingo a blue jelly 6 gnome lords a kobold mummy a dwarf 7 hill orcs a rothe a gas spore a hobgoblin 3 cave spiders a yellow mold 2 red molds 21 gnomes 6 jackals 2 foxes a sewer rat 3 grid bugs 2 lichens a newt 65 creatures vanquished. Voluntary challenges: You used a wielded weapon 109 times, starting on turn 175. You were illiterate. You never genocided any monsters. You never polymorphed an object. You never changed form. You used no wishes. You never split a pudding. You never wrote Elbereth's name. You never violated your personal moral code. Dungeon overview: The Dungeons of Doom: levels 1 to 4 Level 1 a fountain, a sink a long staircase Level 2 a fountain, a vault Level 3 some fountains Level 4 a fountain stairs to The Gnomish Mines The Gnomish Mines: levels 5 to 8 Level 5 stairs to The Dungeons of Doom Level 6 Level 7 Level 8 <- You were here some shops, a fountain History has recorded: On T:1 you entered the Dungeons of Doom to retrieve the Amulet of Yendor! On T:274 you reached level 2 of The Dungeons of Doom. On T:471 you reached level 3 of The Dungeons of Doom. On T:586 you advanced to experience level 2. On T:663 you reached level 4 of The Dungeons of Doom. On T:822 you reached level 1 of The Gnomish Mines. On T:828 you advanced to experience level 3. On T:870 you advanced to experience level 4. On T:1165 you advanced to experience level 5. On T:1265 you reached level 2 of The Gnomish Mines. On T:1287 you reached level 3 of The Gnomish Mines. On T:1720 you advanced to experience level 6. On T:1998 you reached level 4 of The Gnomish Mines. Score breakdown: Gold: 479 ( 9120 points) Experience: 6 levels (12456 points) Exploration: 8 levels ( 16.33%) (11456 points) Discoveries: 6 items ( 2.40%) ( 4647 points) Valuables value: (no points given unless you survive) Artifact value: 0 ( 0 points) Variety of kills: 22 monsters ( 5.79%) ( 7218 points) Turncount: 2134 turns ( -96 points) Survival: died (score multiplied by 80%) Total score: 35840 Latest messages: The wand hits the Green-elf. You hit the Green-elf! The Green-elf swings his elven broadsword at you. The Green-elf hits! You hit the Green-elf! The Green-elf swings his elven broadsword at you. The Green-elf hits! You miss the Green-elf. The Green-elf swings his elven broadsword at you. The Green-elf hits! You hit the Green-elf! The Green-elf swings his elven broadsword at you. The Green-elf hits! You hit the Green-elf! The Green-elf swings his elven broadsword at you. The Green-elf hits! You miss the Green-elf. The Green-elf swings his elven broadsword at you. The Green-elf hits! You die... Final status: Sayonara Mandevil the Samurai, killed by a Green-elf... You died in The Gnomish Mines on dungeon level 8 with 35840 points, and 479 pieces of gold, after 2134 moves. You were level 6 with a maximum of 82 hit points when you died.